 Dungeon Crawl Stone Soup version 0.27.1-33-g824d729ab1 (webtiles) character file.

Game seed: 982770121816661136

1640855 raph the Slayer (level 27, 234/234 HPs)
             Began as a Hill Orc Fighter on Dec 1, 2021.
             Was the Champion of Yredelemnul.
             Escaped with the Orb
             ... and 3 runes on Dec 2, 2021!
             The game lasted 02:49:21 (72840 turns).

raph the Slayer (Hill Orc Fighter)                 Turns: 72840, Time: 02:49:21

Health: 234/234    AC: 43    Str: 24    XL:     27
Magic:  35/36      EV: 17    Int: 16    God:    Yredelemnul [******]
Gold:   1782       SH: 18    Dex: 27    Spells: 27/39 levels left

rFire    + + +     SeeInvis .   a - +7 sceptre of Torment {pain, torment}
rCold    . . .     Faith    .   o - +2 kite shield {reflect}
rNeg     + + .     Spirit   .   X - +6 gold dragon scales
rPois    +         Reflect  +   (no helmet)
rElec    +         Harm     .   v - +2 cloak {Stlth+}
rCorr    .         Rampage  .   O - +4 pair of gloves of the Wilderness {rPois Dex+6 Stlth-}
Will     ++...                  S - +2 pair of boots
Stlth    ..........             M - amulet of Modesty {Acrobat +Blink rN+ Int+5}
HPRegen  0.49/turn              G - ring "Uhior" {Fire rN+ Dex+6}
MPRegen  0.25/turn              e - ring "Tetuibro" {rElec rPois rF+ Int+3 Dex-3}

@: wreathed by umbra, studying 5 skills
A: claws 1, frail 1, mutation resistance 1, inability to read while threatened
0: Orb of Zot
}: 3/15 runes: decaying, serpentine, silver
a: Renounce Religion, Evoke Blink, Recall Undead Slaves, Injury Mirror, Animate
Dead, Drain Life, Enslave Soul


You escaped.
You worshipped Yredelemnul.
Yredelemnul was exalted by your worship.
You visited 10 branches of the dungeon, and saw 50 of its levels.
You visited 1 bazaar.
You also visited: Ice Cave and Wizlab.

You collected 9005 gold pieces.
You spent 7223 gold pieces at shops.

Inventory:

Hand Weapons
 a - the +7 sceptre of Torment (weapon) {pain, torment}
   (You found it on level 6 of the Dungeon)

   In the hands of one skilled in necromantic magic, it inflicts extra damage on
   living creatures.
   It occasionally torments all nearby living foes when it strikes in combat.
 b - a +7 demon whip of flaming
 w - a +8 demon whip of freezing
Missiles
 i - 6 throwing nets
 j - 2 javelins (quivered)
 z - 55 boomerangs
Armour
 n - the +2 ratskin cloak {*Rats rPois rN+ Str-1 Int-1 Dex+1}
   (You bought it in a shop on level 3 of the Elven Halls)

   When the wearer is hurt, rats may emerge from it to assist them.
   Str:       It affects your strength (-1).
   Int:       It affects your intelligence (-1).
   Dex:       It affects your dexterity (+1).
   rPois:     It protects you from poison.
   rN:        It protects you from negative energy.
 o - a +2 kite shield of reflection (worn)
 v - a +2 cloak of stealth (worn)
 L - a +2 helmet of see invisible
 O - the +4 pair of gloves of the Wilderness (worn) {rPois Dex+6 Stlth-}
   (You found it on level 3 of the Depths)

   Dex:       It affects your dexterity (+6).
   rPois:     It protects you from poison.
   Stlth:     It makes you less stealthy.
 S - a +2 pair of boots (worn)
 X - +6 gold dragon scales (worn)
Jewellery
 e - the ring "Tetuibro" (right hand) {rElec rPois rF+ Int+3 Dex-3}
   (You took it off a vault warden on level 5 of the Vaults)

   [ring of protection from fire]

   Int:       It affects your intelligence (+3).
   Dex:       It affects your dexterity (-3).
   rF:        It protects you from fire.
   rElec:     It insulates you from electricity.
   rPois:     It protects you from poison.
 x - the ring of Addeciorcho {Ice Fly rElec Str+4}
   (You acquired it on level 6 of the Dungeon)

   [ring of ice]

   It enhances your ice magic.
   Str:       It affects your strength (+4).
   rF:        It makes you vulnerable to fire.
   rC:        It protects you from cold.
   rElec:     It insulates you from electricity.
   Fly:       It grants you flight.
 y - the ring "Ynais" {rPois AC+4 Str+4 Dex+4}
   (You bought it in a shop on level 1 of the Depths)

   [ring of protection]

   AC:        It affects your AC (+4).
   Str:       It affects your strength (+4).
   Dex:       It affects your dexterity (+4).
   rPois:     It protects you from poison.
 G - the ring "Uhior" (left hand) {Fire rN+ Dex+6}
   (You acquired it on level 4 of the Snake Pit)

   [ring of fire]

   It enhances your fire magic.
   Dex:       It affects your dexterity (+6).
   rF:        It protects you from fire.
   rC:        It makes you vulnerable to cold.
   rN:        It protects you from negative energy.
 M - the amulet of Modesty (around neck) {Acrobat +Blink rN+ Int+5}
   (You acquired it on level 3 of the Elven Halls)

   [amulet of the acrobat]

   It increases your evasion while moving and waiting.
   Int:       It affects your intelligence (+5).
   rN:        It protects you from negative energy.
   +Blink:    It lets you blink.
Wands
 q - a wand of digging (15)
 t - a wand of flame (101)
 C - a wand of acid (19)
 F - a wand of iceblast (52)
 H - a wand of charming (11)
 K - a wand of mindburst (10)
 V - a wand of polymorph (9)
Scrolls
 l - 13 scrolls of fog
 m - 13 scrolls of teleportation
 s - 10 scrolls of identify
 E - 6 scrolls of blinking
 N - 3 scrolls of summoning
 T - 5 scrolls of amnesia
 U - 3 scrolls of silence
 W - 11 scrolls of fear
Potions
 f - 11 potions of haste
 g - 3 potions of mutation
 h - 7 potions of berserk rage
 k - 6 potions of magic
 p - 26 potions of curing
 B - 6 potions of invisibility
 D - 2 potions of flight
 I - a potion of ambrosia
 P - 7 potions of heal wounds
 Q - 9 potions of cancellation
 R - 2 potions of might
Miscellaneous
 c - a phantom mirror
 d - a condenser vane


   Skills:
 + Level 23.9 Fighting
 - Level 12.6(16.3) Axes
 - Level 14.8(16.0) Maces & Flails
 + Level 20.8 Armour
 + Level 16.6 Dodging
 - Level 15.0 Shields
 + Level 6.9 Spellcasting
 + Level 20.1 Necromancy
 - Level 4.7 Translocations
 + Level 7.1 Earth Magic
 - Level 18.4 Invocations
 - Level 12.5 Evocations


You had 27 spell levels left.
You knew the following spells:

 Your Spells              Type           Power      Damage    Failure   Level
a - Blink                 Tloc           N/A        N/A       38%         2
b - Passwall              Tmut/Erth      13%        N/A       54%         2
c - Dispel Undead         Necr           63%        3d22      1%          4
d - Apportation           Tloc           40%        N/A       26%         1
e - Vampiric Draining     Necr           31%        2d10      1%          3

Your spell library contained the following spells:

 Spells                   Type           Power      Damage    Failure   Level
 Animate Skeleton         Necr           100%       N/A       1%          1
 Pain                     Necr           100%       1d9       1%          1
 Sublimation of Blood     Necr           31%        N/A       1%          2
 Animate Dead             Necr           31%        N/A       1%          4
 Agony                    Necr           63%        N/A       1%          5
 Corpse Rot               Necr/Air       N/A        N/A       4%          2
 Death Channel            Necr           31%        N/A       8%          6
 Sandblast                Erth           56%        2d13      10%         1
 Borgnjor's Vile Clutch   Necr/Erth      24%        N/A       19%         5
 Gell's Gravitas          Tloc           10%        N/A       63%         3
 Lesser Beckoning         Tloc           10%        N/A       63%         3
 Teleport Other           Tloc           20%        N/A       63%         3
 Stone Arrow              Conj/Erth      32%        3d9       78%         3
 Magic Dart               Conj           20%        1d4       88%         1
 Sting                    Tmut/Pois      20%        1d4       88%         1
 Portal Projectile        Hex/Tloc       26%        N/A       91%         3
 Passage of Golubria      Tloc           N/A        N/A       95%         4
 Lee's Rapid Deconstruct  Erth           14%        3d10*     95%         5
 Call Imp                 Summ           5%         N/A       96%         2
 Ensorcelled Hibernation  Hex/Ice        10%        N/A       96%         2
 Poisonous Vapours        Pois/Air       10%        N/A       96%         2
 Searing Ray              Conj           10%        3d3       96%         2
 Static Discharge         Conj/Air       5%         N/A       96%         2
 Wereblood                Tmut           5%         N/A       96%         2
 Infestation              Necr           31%        N/A       97%         8
 Call Canine Familiar     Summ           5%         N/A       99%         3
 Conjure Flame            Conj/Fire      8%         6-21      99%         3
 Dazzling Flash           Conj/Hex       10%        N/A       99%         3
 Frozen Ramparts          Ice            10%        1d3       99%         3
 Ignite Poison            Fire/Tmut/Pois 8%         N/A       99%         3
 Mephitic Cloud           Conj/Pois/Air  5%         N/A       99%         3
 Ozocubu's Armour         Ice            5%         N/A       99%         3
 Summon Guardian Golem    Hex/Summ       5%         N/A       99%         3
 Tukima's Dance           Hex            5%         N/A       99%         3
 Leda's Liquefaction      Hex/Erth       8%         N/A       99%         4
 Simulacrum               Ice/Necr       18%        N/A       99%         6
 Airstrike                Air            2%         N/A       100%        4
 Fulminant Prism          Conj/Hex       2%         3d6       100%        4
 Hailstorm                Conj/Ice       5%         3d4       100%        4
 Ice Form                 Ice/Tmut       5%         N/A       100%        4
 Olgreb's Toxic Radiance  Pois           5%         N/A       100%        4
 Sticky Flame             Conj/Fire      8%         2d3       100%        4
 Summon Ice Beast         Ice/Summ       5%         N/A       100%        4
 Summon Lightning Spire   Summ/Air       5%         N/A       100%        4
 Alistair's Intoxication  Tmut/Pois      3%         N/A       100%        5
 Bolt of Magma            Conj/Fire/Erth 9%         4d7       100%        5
 Fireball                 Conj/Fire      4%         3d4       100%        5
 Freezing Cloud           Conj/Ice/Air   2%         6-21      100%        5
 Iskenderun's Battlesphe  Conj           5%         2d6       100%        5
 Lightning Bolt           Conj/Air       2%         1d14      100%        5
 Manifold Assault         Tloc           20%        N/A       100%        5
 Silence                  Hex/Air        2%         N/A       100%        5
 Yara's Violent Unravell  Hex/Tmut       2%         3d3       100%        5
 Conjure Ball Lightning   Conj/Air       2%         3x3d6     100%        6
 Invisibility             Hex            2%         N/A       100%        6
 Iron Shot                Conj/Erth      8%         9d3       100%        6
 Starburst                Conj/Fire      4%         6d3       100%        6
 Statue Form              Tmut/Erth      10%        N/A       100%        6
 Haunt                    Necr/Summ      18%        N/A       100%        7
 Orb of Destruction       Conj           2%         9d1       100%        7
 Ozocubu's Refrigeration  Ice            2%         4d5       100%        7
 Spellforged Servitor     Conj/Summ      2%         N/A       100%        7
 Storm Form               Tmut/Air       2%         N/A       100%        7
 Summon Hydra             Summ           2%         N/A       100%        7
 Discord                  Hex            2%         N/A       100%        8
 Disjunction              Tloc           10%        N/A       100%        8
 Ignition                 Fire           4%         3d4       100%        8
 Lehudib's Crystal Spear  Conj/Erth      8%         10d3      100%        8
 Maxwell's Capacitive Co  Air            2%         ∞         100%        8
 Fire Storm               Conj/Fire      4%         8d1       100%        9
 Polar Vortex             Ice            2%         N/A       100%        9
 Shatter                  Erth           14%        3d14*     100%        9


Dungeon Overview and Level Annotations

Branches:
Dungeon (15/15)            Temple (1/1) D:6            Lair (6/6) D:8
  Swamp (4/4) Lair:3        Snake (4/4) Lair:3        Slime (0/5) Lair:6
    Orc (2/2) D:9             Elf (3/3) Orc:2        Vaults (5/5) D:14
  Crypt (0/3) Vaults:3     Depths (5/5) D:15            Zot (5/5) Depths:5
  IceCv (visited)          WizLab (visited)

Altars:
Ashenzari
Cheibriados
Dithmenos
Elyvilon
Fedhas
Gozag
Hepliaklqana
Kikubaaqudgha
Makhleb
Nemelex Xobeh
Okawaru
Qazlal
Ru
Sif Muna
Trog
Uskayaw
Vehumet
Wu Jian
Xom
Yredelemnul
Zin
The Shining One
Beogh
Jiyva

Shops:
D:1 ([   D:9 [!   D:10 [![[   D:13 *   Orc:1 *   Orc:2 [(=:   Elf:1 [   Elf:3 *
Snake:1 [   Snake:2 ([[!*   Vaults:2 =   Vaults:5 [[   Depths:1 !:**

Portals:
Hell: Depths:1 Depths:2 Depths:3 Depths:4 Depths:5
Abyss: Depths:1 Depths:2 Depths:4
Pandemonium: Depths:3 Depths:4
Ziggurat: Depths:3
Trove: D:13 (give +5 ice dragon scales)

Annotations:
D:12 2 transporters, exclusion: oklob plant, Borgoz's ghost, journeyman GrBe
D:15 1 runed translucent door, Qishud's ghost, adept GrEE
Lair:3 exclusion: 2 oklob plants
Swamp:4 3 runed translucent doors, diceflayer's ghost, adept MiFi
Depths:2 exclusion: 2 statues


Innate Abilities, Weirdness & Mutations

You have sharp fingernails.
You are frail. (-10% HP)
You are somewhat resistant to further mutation.
You sometimes lose the ability to read scrolls when taking damage.


Message History

The golden eye turns its gaze towards you. x2
There is an open door here.
Okay, then.
Okay, then.
Aiming: Dig
Press: ? - help, Shift-Dir - straight line A rock wall.
This square is wreathed by an umbra and is covered in magical glow.
The rock shatters into small pieces.
Unknown command.
The golden eye blinks at you.
You are confused.
The golden eye blinks at you.
You easily resist.
Are you sure you want to stumble around while confused and next to your profane servitor? [Y]es or [N]o only, please.
Are you sure you want to stumble around while confused and next to your profane servitor?
Okay, then.
You are too confused!
You feel better. The golden eye blinks at you.
You resist with almost no effort.
You bludgeon the golden eye!!
You kill the golden eye!
Yredelemnul accepts your kill.
You impale the golden eye!!
You kill the golden eye!
Yredelemnul accepts your kill. The golden eye blinks at you.
You easily resist.
You thump the golden eye!
The golden eye writhes in agony!
You kill the golden eye!
Yredelemnul accepts your kill.
No target in view!
You begin recalling your allies.
Your bone dragon is recalled.
Your skeletal warrior is recalled.
You finish recalling your allies.
There is an open door here.
There is a staircase leading out of the dungeon here.
You have escaped!

## #.........##.# #.##... .#
#.........##.# #####.##... .#
##..#.####....###..).......
.######..##.........##..##(.##...
(....#..####'###'##....###.###...
..(....####...#...#..### #.# #...
..........#.>.#.D.#..# #.# ##.#
.......####...#.z.#..# #.# #..#
....÷....##.>.#A@.#..# ##.# #.##
.....#....#...#...#..# ##..# #.#
.......#..#.>.#...#..# #..## #.#
#.####....#...#...######.## #.#
..##.....###+###+######..# #.#
##...##### #...#...#....## #.#
...### ###.##....#### ####.# .###
#...#...######..†.# .#
###.........##.####


You could see a friendly bone dragon, a friendly profane servitor and a friendly
skeletal warrior.

Vanquished Creatures
  A dread lich (Zot:5)
  2 ancient liches
  6 orbs of fire (Zot:5)
  the Lernaean hydra (Swamp:4)
  2 Killer Klowns (Zot:5)
  3 caustic shrikes
  6 golden dragons
  An electric golem (Zot:4)
  5 tentacled monstrosities
  Jorgrun (Snake:1)
  14 Orb Guardians (Zot:5)
  A lich (Depths:4)
  5 quicksilver dragons
  4 titans
  A deep elf blademaster (Elf:3)
  2 deep elf master archers (Elf:3)
  2 ancient champions (WizLab)
  6 death cobs
  3 sphinxes
  5 shadow dragons
  3 tengu reavers
  11 storm dragons
  Kirke (Swamp:2)
  Donald (Swamp:4)
  2 thorn hunters (Swamp:3)
  3 nagarajas
  A fenstrider witch (Swamp:4)
  2 draconian monks
  5 frost giants
  5 fire giants
  2 iron dragons
  3 draconian scorchers (Zot:1)
  6 deep elf sorcerers
  5 ghost moths
  A balrug (Depths:3)
  2 ghouls (Swamp:3)
  10 vault wardens
  4 deep elf elementalists (Elf:3)
  2 draconian shifters
  14 very ugly things
  6 draconian annihilators
  14 ironbound preservers
  A draconian stormcaller (Zot:3)
  A caustic shrike skeleton (Depths:3)
  2 juggernaut skeletons (Depths:3)
  10 stone giants
  4 deep elf demonologists
  Nessos (Lair:5)
  A vampire knight (Depths:1)
  3 bunyips (Swamp:3)
  7 black draconians
  8 yellow draconians
  4 deep elf annihilators
  A red draconian (Depths:5)
  2 dire elephants
  5 white draconians
  3 green draconians
  A spark wasp (Depths:4)
  3 purple draconians
  2 deep elf death magi (Elf:3)
  6 ettins
  Josephine (Lair:4)
  2 eleionomae
  4 fire dragons
  A rakshasa (Depths:2)
  5 great orbs of eyes
  25 vault guards
  4 deep elf high priests
  3 boulder beetles
  Erolcha (Orc:2)
  2 ironbound thunderhulks (Vaults:1)
  2 ice dragons
  A salamander tyrant (Snake:4)
  7 yaktaur captains
  12 naga warriors
  5 catoblepae
  A quicksilver dragon skeleton (Depths:3)
  A ghost crab (Swamp:3)
  9 centaur warriors
  16 hydras
  Erica (D:10)
  2 spriggan air magi
  6 alligators
  4 ironbound frosthearts
  5 anacondas
  3 ogre magi
  4 two-headed ogres
  17 dancing weapons
  8 deep troll shamans
  3 tengu warriors (Depths:3)
  4 death yaks (Lair:6)
  6 deep troll earth magi
  3 spriggan berserkers
  5 shock serpents
  A vampire mage (Depths:4)
  4 orc high priests
  2 hell hogs (Depths:4)
  9 naga sharpshooters
  Nergalle (Lair:4)
  The ghost of hurston the Protected, a novice GrFi of Gozag (D:8)
  5 hell knights
  7 ironbound beastmasters
  4 soul eaters
  3 sun demons
  14 deep elf knights
  3 titan skeletons (Depths:3)
  A fire crab (Lair:3)
  4 iron trolls
  17 skeletal warriors
  4 salamander mystics
  6 goliath frogs
  37 deep trolls
  A deep troll (shapeshifter) (Vaults:5)
  9 swamp dragons
  2 sea snakes (Snake:2)
  2 flayed ghosts
  2 glowing orange brains
  2 spriggan druids (Swamp:2)
  8 wizards
  7 deep elf archers
  7 bog bodies
  2 golden dragon skeletons (Depths:3)
  5 lindwurms
  A harpy (Vaults:3)
  6 naga ritualists
  4 necromancers
  An orb spider (Zot:2)
  2 phantasmal warriors
  11 ironbound convokers
  21 deep elf pyromancers
  4 orc sorcerers (Orc:2)
  17 deep elf zephyrmancers
  9 orc knights
  7 mana vipers
  12 salamanders
  4 cyclopes
  24 ugly things
  4 manticores
  A cyclops (shapeshifter) (Vaults:5)
  3 will-o-the-wisps
  13 moths of wrath
  A tengu skeleton (Depths:3)
  25 black mambas
  An elephant (D:8)
  8 naga magi
  3 guardian serpents
  2 fire giant skeletons (Depths:3)
  2 ice statues (IceCv)
  9 cane toads
  8 vault sentinels
  Maggie (D:8)
  An unseen horror (shapeshifter) (D:14)
  2 elf skeletons (Depths:3)
  12 komodo dragons
  3 unseen horrors
  2 rime drakes
  12 yaktaurs
  2 tengu conjurers
  An anaconda simulacrum (IceCv)
  6 ice devils (IceCv)
  2 freezing wraiths
  4 entropy weaver simulacra (IceCv)
  A meliai (D:12)
  3 trolls
  An ettin zombie (Vaults:1)
  5 tyrant leeches
  15 hornets
  15 blink frogs
  4 dream sheep (Lair:6)
  A centaur simulacrum (D:15)
  2 ettin skeletons (Depths:3)
  16 slime creatures
  8 flying skulls (Depths:3)
  2 shadows
  A stone giant simulacrum (Vaults:1)
  16 spriggans
  A redback (Vaults:5)
  6 vampires
  4 dire elephant simulacra (IceCv)
  37 yaks
  4 wyverns
  Sigmund (D:3)
  4 fire elementals
  2 tarantellas (Zot:2)
  3 water elementals
  5 wraiths
  3 golden eyes (D:1)
  A basilisk (shapeshifter) (Vaults:5)
  4 basilisks
  A death yak simulacrum (IceCv)
  A steam dragon (D:7)
  Grum (D:10)
  A yaktaur simulacrum (Vaults:1)
  A warg (Orc:2)
  A harpy simulacrum (IceCv)
  12 swamp worms
  6 vampire mosquitoes
  3 two-headed ogre zombies (WizLab)
  An acid dragon (D:11)
  42 nagas
  9 water moccasins
  3 sky beasts
  A black bear (D:8)
  20 orc warriors
  8 swamp drakes
  5 ogres
  2 ice beasts
  4 necrophages
  8 centaurs
  6 boggarts
  3 phantoms
  An elf simulacrum (Vaults:1)
  38 wolves
  8 bullfrogs
  4 kobold brigands
  2 gnoll sergeants
  2 scorpions
  7 troll zombies
  A water moccasin skeleton (D:5)
  15 killer bees
  12 wights
  2 electric eels (Snake:2)
  7 howler monkeys
  A bullfrog zombie (D:5)
  A crimson imp (Orc:2)
  5 centaur zombies
  3 lava snakes (Snake:3)
  3 jellies
  5 hounds
  A gnoll shaman (D:6)
  20 orc priests
  An iron imp (Orc:2)
  2 iguanas
  16 orc wizards
  Ijyb (D:3)
  Natasha (thrice) (D:3)
  10 ogre zombies
  2 hound skeletons (D:5)
  3 howler monkey zombies
  4 adders
  14 gnolls
  A naga simulacrum (IceCv)
  2 shadow imps
  2 white imps
  An ufetubus (D:6)
  2 dart slugs
  39 orcs
  4 ball pythons
  5 endoplasms
  2 giant cockroaches
  8 goblins
  11 hobgoblins
  4 jackals
  A quokka (D:4)
  5 bats
  12 frilled lizards
  3 goblin skeletons (D:9)
  2 goblin zombies (D:9)
  3 hobgoblin skeletons (D:9)
  12 kobolds
  2 orc skeletons (D:9)
  15 orc zombies (D:9)
  6 rats
1473 creatures vanquished.

Vanquished Creatures (collateral kills)
  3 juggernauts
  The ghost of PeterMcNeter the Hand of Fortune, a veteran DsFi of Nemelex Xobeh (Zot:1)
  The ghost of PanSaczeczos the Slayer, a legendary VSBr of Uskayaw (Zot:1)
  2 Killer Klowns (Zot:5)
  2 curse toes (Zot:3)
  2 caustic shrikes (Depths:5)
  A golden dragon (Zot:4)
  4 electric golems
  An Ice Fiend (Zot:3)
  Rupert (D:13)
  The ghost of 15bullets the Unseen, a veteran SpBr of Gozag (Elf:3)
  8 tentacled monstrosities
  2 liches
  11 Orb Guardians (Zot:5)
  A deep elf blademaster (Elf:3)
  3 quicksilver dragons
  8 death cobs
  9 sphinxes
  A thorn hunter (Swamp:1)
  An ancient champion (WizLab)
  8 storm dragons
  2 Executioners
  2 draconian monks
  6 shadow dragons
  A nagaraja (Snake:4)
  4 tengu reavers
  7 fire giants
  2 deep elf sorcerers (Elf:3)
  A fenstrider witch (Swamp:3)
  2 ghost moths
  3 iron dragons
  8 frost giants
  3 draconian knights
  A balrug (Depths:4)
  2 draconian scorchers
  A ghost moth (shapeshifter) (D:15)
  2 very ugly things (Vaults:5)
  4 deep elf elementalists
  A ghoul (Swamp:4)
  2 draconian stormcallers
  6 vault wardens
  5 draconian shifters
  A spriggan defender (Depths:5)
  2 draconian annihilators
  An ironbound preserver (Vaults:2)
  9 stone giants
  A reaper (Depths:5)
  4 green draconians
  A war gargoyle (Vaults:5)
  3 deep elf demonologists
  4 purple draconians
  2 spark wasps (Depths:4)
  4 red draconians
  3 yellow draconians
  2 vampire knights
  5 black draconians
  2 bunyips
  An entropy weaver (Vaults:5)
  7 white draconians
  2 deep elf annihilators
  2 deep elf death magi (Elf:3)
  A dire elephant (Vaults:3)
  2 eleionomae (Swamp:2)
  A merfolk javelineer (Depths:4)
  5 fire dragons
  5 ettins
  15 slime creatures
  3 great orbs of eyes
  4 yaktaur captains
  An ironbound thunderhulk (Vaults:3)
  A monstrous demonspawn (Zot:5)
  A salamander tyrant (Snake:4)
  9 hydras
  4 ice dragons
  7 vault guards (Vaults:5)
  3 deep elf high priests
  5 rakshasas
  6 naga warriors
  A ghost crab (Swamp:3)
  A death knight (Vaults:3)
  3 spriggan air magi
  A catoblepas (Lair:6)
  A two-headed ogre (D:15)
  5 centaur warriors
  An anaconda (shapeshifter) (Depths:5)
  2 boulder beetles
  7 anacondas
  12 dancing weapons
  A vampire mage (Depths:5)
  3 alligators (Swamp:4)
  3 ironbound frosthearts
  2 death yaks (Lair:6)
  2 hell hogs (Depths:4)
  4 deep troll earth magi
  2 tengu warriors
  6 deep troll shamans
  3 spriggan berserkers
  An ironbound beastmaster (Vaults:4)
  9 hell knights
  A sun demon (Depths:4)
  5 shock serpents
  2 soul eaters
  5 deep elf knights
  2 titan skeletons (Depths:3)
  5 naga sharpshooters
  A shadow wraith (Vaults:5)
  5 salamander mystics
  15 skeletal warriors
  4 iron trolls
  2 flayed ghosts (Depths:5)
  2 goliath frogs
  A sea snake (Snake:2)
  2 spriggan druids
  2 glowing orange brains
  3 deep elf archers
  3 swamp dragons
  2 wizards
  A bog body (Swamp:4)
  24 deep trolls
  2 gelid demonspawn (D:4)
  3 naga ritualists
  A golden dragon skeleton (Depths:3)
  5 ironbound convokers
  2 harpies (Vaults:3)
  10 deep elf zephyrmancers
  6 lindwurms
  An orc sorcerer (Orc:2)
  10 phantasmal warriors
  A necromancer (Depths:3)
  2 tengu skeletons
  6 mana vipers
  An orc knight (Orc:2)
  10 deep elf pyromancers
  An orb spider (shapeshifter) (D:15)
  An orb spider (Zot:2)
  11 moths of wrath
  18 ugly things
  A shadow dragon skeleton (Depths:3)
  A wolf spider (D:15)
  8 salamanders
  3 human zombies
  A sphinx skeleton (Depths:3)
  A cyclops (D:14)
  7 vault sentinels
  A manticore (Lair:6)
  12 black mambas
  A centaur zombie (D:11)
  2 fire giant skeletons (Depths:3)
  A human skeleton (Vaults:1)
  3 guardian serpents
  An elf skeleton (Depths:3)
  7 naga magi
  An orange demon (Depths:2)
  3 smoke demons
  9 yaktaurs
  A cane toad (Lair:5)
  A demonic crawler (Zot:5)
  2 efreet
  2 tengu conjurers (D:13)
  4 komodo dragons
  An ice devil (D:4)
  A hellwing (D:4)
  2 jumping spiders (Zot:2)
  A polar bear (Lair:4)
  2 trolls
  2 meliai (shapeshifter) (Vaults:5)
  A jumping spider (shapeshifter) (D:13)
  8 blink frogs
  6 hornets
  4 large abominations
  3 dream sheep (Lair:6)
  An air elemental (Elf:3)
  4 water elementals
  7 spriggans
  5 flying skulls (Depths:3)
  2 redbacks (Vaults:5)
  A tarantella (Vaults:5)
  2 hogs (Swamp:2)
  15 yaks
  A chaos spawn (Zot:2)
  A fire elemental (Elf:3)
  A basilisk (Lair:1)
  16 nagas
  2 two-headed ogre zombies (WizLab)
  3 swamp worms
  A warg (Snake:4)
  3 hell hounds (Zot:3)
  2 water moccasins
  4 swamp drakes
  3 orc warriors (Orc:2)
  An orc zombie (Vaults:1)
  3 centaurs (D:14)
  3 ogres
  2 boggarts
  A wolf (Lair:1)
  A kobold brigand (D:14)
  2 bullfrogs
  An earth elemental (Elf:2)
  2 troll zombies (WizLab)
  A killer bee (D:10)
  2 wights
  An electric eel (Lair:5)
  A lava snake (Snake:3)
  4 orc priests (Orc:2)
  A lightning spire (Zot:4)
  8 orc wizards
  14 orcs
  3 kobolds
  A butterfly (Lair:3)
  A fungus (Lair:5)
744 creatures vanquished.

Vanquished Creatures (others)
  4 bone dragons
  4 profane servitors
  A death cob (Zot:4)
  8 ghouls
  12 vampire knights
  A spectral orc (Vaults:5)
  A deep elf knight (Elf:1)
  15 skeletal warriors
  7 flayed ghosts
  An obsidian statue (Zot:5)
  6 phantasmal warriors
  A wizard (Vaults:1)
  A lindwurm (Vaults:3)
  2 deep elf pyromancers
  A deep elf zephyrmancer (Elf:1)
  2 bloated husks
  A juggernaut zombie (Depths:4)
  A caustic shrike zombie (Depths:5)
  10 vampires
  8 flying skulls
  A Killer Klown zombie (Zot:5)
  3 wraiths
  2 humans (Swamp:2)
  A neqoxec (D:15)
  A swamp worm (Swamp:3)
  5 very ugly thing zombies (Depths:4)
  2 orc warriors (Snake:4)
  A quicksilver dragon zombie (Zot:4)
  A boggart (D:12)
  3 anaconda zombies (Snake:4)
  A bullfrog (Lair:3)
  2 bunyip zombies (Swamp:3)
  2 titan zombies (Vaults:5)
  2 spark wasp zombies (Depths:4)
  2 sphinx zombies (Vaults:5)
  11 ugly thing zombies
  4 storm dragon zombies
  2 ghost moth zombies
  2 shadow dragon zombies
  A goliath frog zombie (Swamp:2)
  A tengu skeleton (Depths:2)
  A shadow dragon skeleton (Vaults:5)
  A wight (Orc:1)
  An iron dragon zombie (Depths:5)
  A shock serpent zombie (Snake:4)
  A redback zombie (Vaults:5)
  3 stone giant zombies
  5 draconian zombies
  2 frost giant zombies (Depths:4)
  An iron troll zombie (Depths:4)
  3 white draconian zombies
  A harpy zombie (Vaults:3)
  A hell hog zombie (Depths:4)
  5 moth of wrath zombies
  An orc wizard (Orc:2)
  5 swamp worm zombies
  A meliai zombie (D:12)
  8 hydra zombies
  4 fire dragon zombies
  10 black mamba zombies
  4 ettin zombies
  A boulder beetle zombie (D:12)
  4 ice dragon zombies
  4 alligator zombies
  A black draconian zombie (Zot:1)
  A tarantella zombie (Vaults:5)
  3 ghoul skeletons
  2 guardian serpent zombies (Snake:4)
  3 mummies
  A hog zombie (Swamp:2)
  2 cane toad zombies
  16 deep troll zombies
  25 elf zombies
  34 human zombies
  2 lindwurm zombies
  A two-headed ogre zombie (D:15)
  3 bog body skeletons
  5 human skeletons (Vaults:5)
  A tyrant leech zombie (Swamp:4)
  A vampire mosquito zombie (D:12)
  11 wolf zombies
  6 centaur zombies
  8 hornet zombies
  3 water moccasin zombies
  A wyvern zombie (Lair:3)
  3 blink frog zombies
  4 bullfrog zombies
  A fire crab zombie (Lair:3)
  3 komodo dragon zombies
  A manticore zombie (D:12)
  10 salamander zombies
  9 spriggan zombies
  A troll zombie (Snake:4)
  8 yak zombies
  2 yaktaur zombies (Vaults:2)
  A rime drake zombie (Lair:4)
  2 warg zombies
  An orc (Orc:2)
  A kobold (D:7)
  5 ogre zombies
  4 swamp drake zombies
  An acid dragon zombie (D:11)
  A goblin zombie (Depths:3)
  A killer bee zombie (D:7)
  2 naga skeletons (Snake:4)
  29 naga zombies
  An orc skeleton (Orc:2)
  47 orc zombies
  3 tengu zombies
  A briar patch (Swamp:3)
  22 foxfires
  65 fungi
  95 plants
  6 withered plants
665 creatures vanquished.

Grand Total: 2882 creatures vanquished

Notes
Turn   | Place    | Note
-------+----------+-------------------------------------------
     0 | D:1      | raph the Hill Orc Fighter began the quest for the Orb.
     0 | D:1      | Reached XP level 1. HP: 19/19 MP: 1/1
   108 | D:1      | Found Kaphiv's Armour Shop.
   147 | D:1      | Reached XP level 2. HP: 26/26 MP: 2/2
   507 | D:1      | Found Livok's Antique Weapon Shoppe.
  1137 | D:2      | Reached XP level 3. HP: 30/31 MP: 3/3
  1409 | D:2      | Found a faded altar of an unknown god.
  1734 | D:3      | Noticed Sigmund
  1786 | D:2      | Reached skill level 5 in Axes
  2180 | D:4      | Reached XP level 4. HP: 28/39 MP: 4/4
  2802 | D:4      | Noticed a scorpion
  2804 | D:4      | Killed a scorpion
  2805 | D:4      | Reached XP level 5. HP: 45/45 MP: 5/5
  2834 | D:4      | Identified a scroll of acquirement
  2834 | D:4      | Acquired a +4 battleaxe of electrocution
  3031 | D:5      | Entered Level 5 of the Dungeon
  3101 | D:5      | Noticed a necrophage
  3108 | D:5      | Killed a necrophage
  3109 | D:5      | Reached XP level 6. HP: 45/51 MP: 6/6
  3459 | D:5      | Reached XP level 7. HP: 37/57 MP: 7/7
  3783 | D:5      | Reached skill level 10 in Axes
  4278 | D:6      | Reached XP level 8. HP: 64/64 MP: 8/8
  4286 | D:6      | Found the +7 sceptre of Torment {pain, torment}
  4339 | D:6      | Acquired the ring of Addeciorcho {Ice Fly rElec Str+4}
  4520 | D:6      | Found a snail-covered altar of Cheibriados.
  4566 | D:6      | Found a staircase to the Ecumenical Temple.
  4707 | Temple   | Entered the Ecumenical Temple
  4779 | Temple   | Became a worshipper of Yredelemnul the Dark
  4935 | D:3      | Killed Sigmund
  5004 | D:3      | Noticed Natasha
  5012 | D:3      | Killed Natasha
  5047 | D:3      | Noticed Natasha
  5052 | D:3      | Killed Natasha
  5059 | D:3      | Noticed Natasha
  5069 | D:3      | Killed Natasha
  5185 | D:3      | Noticed Ijyb
  5190 | D:3      | Killed Ijyb
  5191 | D:3      | Reached skill level 1 in Maces & Flails
  5400 | D:3      | Reached * piety under Yredelemnul
  6741 | D:6      | Reached skill level 5 in Maces & Flails
  7009 | D:7      | Reached XP level 9. HP: 69/70 MP: 9/9
  7295 | D:7      | Found a white marble altar of Elyvilon.
  7839 | D:8      | Reached skill level 1 in Invocations
  7861 | D:8      | Found a staircase to the Lair.
  7861 | D:8      | Noticed an elephant
  7878 | D:8      | Killed an elephant
  7879 | D:8      | Reached XP level 10. HP: 61/77 MP: 10/13
  7881 | D:8      | Noticed Maggie
  7912 | D:8      | Killed Maggie
  7913 | D:8      | Reached skill level 10 in Maces & Flails
  7913 | D:8      | Reached skill level 5 in Invocations
  8151 | D:8      | Reached ** piety under Yredelemnul
  8263 | D:8      | Found a runed translucent gate.
  8263 | D:8      | Found a runed translucent gate.
  8263 | D:8      | Found a runed translucent gate.
  8266 | D:8      | Found an opulent altar of Gozag.
  8268 | D:8      | Noticed a fire dragon
  8268 | D:8      | Noticed hurston's ghost (novice GrFi)
  9007 | D:8      | Found a blossoming altar of Fedhas.
  9012 | D:8      | Found an ornate altar of the Wu Jian Council.
  9014 | D:8      | Found a shimmering altar of Xom.
  9472 | D:9      | Found a staircase to the Orcish Mines.
  9541 | D:9      | Reached *** piety under Yredelemnul
  9608 | D:9      | Found Xijio's Armour Shop.
 10575 | D:10     | Entered Level 10 of the Dungeon
 10635 | D:10     | Found Ytrunyq's Distillery.
 10655 | D:10     | Found Jicofydd's Armour Boutique.
 10655 | D:10     | Found Warghacko's Armour Emporium.
 10677 | D:10     | Bought a +0 helmet for 49 gold pieces
 10677 | D:10     | Bought a +0 plate armour for 253 gold pieces
 10733 | D:10     | Noticed Erica
 10747 | D:10     | Killed Erica
 10880 | D:10     | Found a burning altar of Makhleb.
 10907 | D:10     | Found a sacrificial altar of Ru.
 10924 | D:10     | Noticed a +0 spear
 10924 | D:10     | Noticed a +0 dagger
 10943 | D:10     | Found a shimmering blue altar of Sif Muna.
 11059 | D:10     | Noticed a +0 dagger
 11059 | D:10     | Noticed a +0 falchion
 11059 | D:10     | Noticed a +0 falchion
 11060 | D:10     | Noticed a +0 spear
 11060 | D:10     | Noticed a +0 short sword
 11061 | D:10     | Noticed a +0 short sword
 11081 | D:10     | Found a shadowy altar of Dithmenos.
 11112 | D:10     | Received a gift from Yredelemnul (5 flying skulls)
 11141 | D:10     | Bought a potion of heal wounds for 65 gold pieces
 11178 | D:10     | Found a hide-covered altar of Uskayaw.
 11325 | D:10     | Reached XP level 11. HP: 82/82 MP: 17/17
 11351 | D:10     | Noticed Grum
 11356 | D:10     | Killed Grum
 11398 | D:10     | Found Hodua's Armour Emporium.
 11569 | Lair:1   | Entered Level 1 of the Lair of Beasts
 11584 | Lair:1   | Noticed a seven-headed hydra
 11590 | Lair:1   | Killed a seven-headed hydra
 11656 | Lair:1   | Reached skill level 10 in Invocations
 11876 | Lair:1   | Noticed a spriggan rider
 12065 | D:8      | Reached **** piety under Yredelemnul
 12352 | Lair:1   | Noticed a six-headed hydra
 12358 | Lair:1   | Killed a six-headed hydra
 12766 | Lair:1   | Reached XP level 12. HP: 87/90 MP: 20/20
 13110 | Lair:2   | You are sucked into a shaft and drop 2 floors!
 13115 | Lair:4   | Noticed Josephine
 13124 | Lair:4   | Killed Josephine
 13124 | Lair:4   | Received a gift from Yredelemnul (a mummy)
 13170 | Lair:3   | Noticed a catoblepas
 13181 | Lair:3   | Killed a catoblepas
 13279 | Lair:3   | Reached skill level 4 in Fighting
 13281 | Lair:3   | Reached skill level 1 in Evocations
 13306 | Lair:3   | You are sucked into a shaft and drop 1 floor!
 13317 | Lair:4   | Reached skill level 1 in Dodging
 13426 | Lair:4   | Reached skill level 1 in Necromancy
 13513 | Lair:4   | Reached ***** piety under Yredelemnul
 13584 | Lair:4   | Reached skill level 5 in Fighting
 13715 | Lair:4   | Noticed Nergalle
 13724 | Lair:4   | Killed Nergalle
 13847 | Lair:3   | Reached skill level 5 in Armour
 14018 | Lair:3   | Received a gift from Yredelemnul (a mummy)
 14054 | Lair:3   | Reached XP level 13. HP: 84/102 MP: 22/22
 14107 | Lair:3   | Reached skill level 6 in Fighting
 14141 | Lair:3   | Received a gift from Yredelemnul (a mummy)
 14470 | Lair:3   | Found a staircase to the Swamp.
 14482 | Lair:3   | Found a staircase to the Snake Pit.
 16984 | D:10     | Bought a +0 cloak for 49 gold pieces
 17024 | D:11     | Received a gift from Yredelemnul (a vampire)
 17033 | D:11     | Found a frozen archway.
 17049 | IceCv    | Entered an ice cave
 17082 | IceCv    | Reached skill level 7 in Fighting
 17457 | IceCv    | Reached skill level 5 in Evocations
 17726 | IceCv    | Reached skill level 5 in Necromancy
 17758 | IceCv    | Got the Almanac of Snow
 18642 | Lair:5   | You are sucked into a shaft and drop 1 floor!
 18642 | Lair:6   | Entered Level 6 of the Lair of Beasts
 18864 | Lair:5   | Noticed Nessos
 18885 | Lair:5   | Killed Nessos
 18886 | Lair:5   | Reached skill level 8 in Fighting
 18886 | Lair:5   | Reached XP level 14. HP: 66/115 MP: 12/23
 19310 | Lair:6   | Received a gift from Yredelemnul (a vampire)
 19320 | Lair:6   | Found a viscous altar of Jiyva.
 19320 | Lair:6   | Found a staircase to the Slime Pits.
 19480 | Lair:6   | Reached skill level 5 in Dodging
 19549 | Lair:6   | Received a gift from Yredelemnul (3 flying skulls)
 20053 | Lair:6   | Reached skill level 9 in Fighting
 20627 | Orc:1    | Entered Level 1 of the Orcish Mines
 20637 | Orc:1    | Received a gift from Yredelemnul (a wight)
 20644 | Orc:1    | Found Juwu's Mass Market.
 20855 | Orc:1    | HP: 3/118 [ettin (39)]
 21166 | Orc:1    | Found a roughly hewn altar of Beogh.
 21313 | Orc:2    | Entered Level 2 of the Orcish Mines
 21319 | Orc:2    | Received a gift from Yredelemnul (a phantasmal warrior)
 21433 | Orc:2    | Noticed Erolcha
 21441 | Orc:2    | Received a gift from Yredelemnul (a wraith)
 21443 | Orc:2    | Killed Erolcha
 21444 | Orc:2    | Your ally Erolcha died
 21522 | Orc:2    | Received a gift from Yredelemnul (a flayed ghost)
 22030 | Orc:2    | Found a staircase to the Elven Halls.
 22040 | Orc:2    | Received a gift from Yredelemnul (a wraith)
 22162 | Orc:2    | Found Onuidd's Book Emporium.
 22325 | Orc:2    | Reached XP level 15. HP: 118/126 MP: 25/25
 22419 | Orc:2    | Paralysed by an orc sorcerer for 5 turns
 22441 | Orc:2    | Found Riro's Armour Emporium.
 22442 | Orc:2    | Found Cemutz's Jewellery Shop.
 22442 | Orc:2    | Found Ceycorum's Antique Weapon Shop.
 22919 | D:11     | Received a gift from Yredelemnul (a wraith)
 22920 | D:11     | Reached skill level 10 in Fighting
 23490 | D:12     | Received a gift from Yredelemnul (a phantasmal warrior)
 23604 | D:12     | Noticed Borgoz's ghost (journeyman GrBe)
 23760 | D:12     | Received a gift from Yredelemnul (a ghoul)
 24061 | D:12     | Found a transporter.
 24278 | D:12     | Found a transporter.
 24970 | D:13     | Found Yhak's Blood Bar.
 25009 | D:13     | Received a gift from Yredelemnul (a skeletal warrior)
 25484 | D:13     | Noticed Rupert
 25491 | D:13     | Killed Rupert
 25623 | D:13     | Found a portal to a secret trove of treasure.
 25796 | D:14     | Received a gift from Yredelemnul (a flayed ghost)
 25805 | D:14     | Reached skill level 11 in Fighting
 25881 | D:14     | Reached skill level 15 in Invocations
 25906 | D:14     | Found a gate to the Vaults.
 25949 | D:14     | Reached ****** piety under Yredelemnul
 26278 | D:14     | Reached skill level 10 in Armour
 26393 | D:14     | Reached XP level 16. HP: 137/137 MP: 27/27
 26603 | D:14     | Found a radiant altar of Vehumet.
 26899 | D:15     | Entered Level 15 of the Dungeon
 26997 | D:15     | Found a runed translucent door.
 27004 | D:15     | Noticed Qishud's ghost (adept GrEE)
 27071 | D:15     | Received a gift from Yredelemnul (a vampire knight)
 27226 | D:15     | Found a staircase to the Depths.
 27546 | D:15     | Found an iron altar of Okawaru.
 28272 | D:10     | Bought a +2 chain mail of fire resistance for 344 gold
                  | pieces
 28441 | Swamp:1  | Entered Level 1 of the Swamp
 28513 | Swamp:1  | Received a gift from Yredelemnul (a flayed ghost)
 29145 | Swamp:1  | Noticed a thorn hunter
 29160 | Swamp:1  | Killed a thorn hunter
 29506 | Swamp:2  | Reached skill level 12 in Fighting
 29708 | Swamp:2  | Noticed Kirke
 29712 | Swamp:2  | Received a gift from Yredelemnul (a ghoul)
 29725 | Swamp:2  | Killed Kirke
 30176 | D:10     | Bought a +2 pair of gloves for 264 gold pieces
 30647 | Swamp:3  | Found a glowing golden altar of the Shining One.
 30825 | Swamp:3  | Reached XP level 17. HP: 109/147 MP: 28/28
 31235 | Swamp:3  | Reached skill level 10 in Evocations
 31426 | Swamp:3  | Paralysed by a fenstrider witch for 6 turns
 31428 | Swamp:3  | Reached skill level 10 in Necromancy
 31770 | Swamp:4  | Entered Level 4 of the Swamp
 32115 | Swamp:4  | Found a runed translucent gate.
 32115 | Swamp:4  | Found a runed translucent gate.
 32116 | Swamp:4  | Found a runed translucent gate.
 32118 | Swamp:4  | Noticed diceflayer's ghost (adept MiFi)
 32134 | Swamp:4  | Received a gift from Yredelemnul (a vampire)
 32292 | Swamp:4  | Noticed Donald
 32305 | Swamp:4  | Killed Donald
 32417 | Swamp:4  | Received a gift from Yredelemnul (a vampire knight)
 33036 | Swamp:4  | Reached skill level 13 in Fighting
 33039 | Swamp:4  | Noticed the 27-headed Lernaean hydra
 33045 | Swamp:4  | Received a gift from Yredelemnul (a flayed ghost)
 33045 | Swamp:4  | Received a gift from Yredelemnul (a profane servitor)
 33047 | Swamp:4  | Killed the 27-headed Lernaean hydra
 33314 | Swamp:4  | Got a decaying rune of Zot
 33789 | Snake:1  | Entered Level 1 of the Snake Pit
 33796 | Snake:1  | Noticed Jorgrun
 33802 | Snake:1  | Killed Jorgrun
 33807 | Snake:1  | Reached XP level 18. HP: 137/157 MP: 30/30
 33897 | Snake:1  | Found Sufax's Armour Boutique.
 34124 | Snake:1  | Received a gift from Yredelemnul (a vampire knight)
 34695 | Snake:2  | Found Nokh's Weapon Boutique.
 34696 | Snake:2  | Found Seut Noi's Antique Armour Shop.
 34718 | Snake:2  | Found Veto's Antique Armour Emporium.
 34720 | Snake:2  | Found Memuuta's Distillery.
 34720 | Snake:2  | Found Zuileen's General Store.
 34731 | Snake:2  | Bought a potion of heal wounds for 80 gold pieces
 34731 | Snake:2  | Bought a potion of haste for 160 gold pieces
 34731 | Snake:2  | Bought a potion of might for 64 gold pieces
 34989 | D:9      | Bought +0 gold dragon scales for 1200 gold pieces
 35484 | Snake:2  | Received a gift from Yredelemnul (a phantasmal warrior)
 36021 | Snake:3  | Received a gift from Yredelemnul (a bone dragon)
 36468 | Snake:3  | Received a gift from Yredelemnul (a ghoul)
 36635 | Snake:3  | Reached skill level 14 in Fighting
 37472 | Snake:4  | Entered Level 4 of the Snake Pit
 37654 | Snake:4  | Acquired the ring "Uhior" {Fire rN+ Dex+6}
 37664 | Snake:4  | Received a gift from Yredelemnul (a ghoul)
 37829 | Snake:4  | Identified the +9 flail of Atorph {speed, rF+ rCorr Str+2
                  | Stlth+}
 37838 | Snake:4  | Reached skill level 10 in Dodging
 38110 | Snake:4  | Received a gift from Yredelemnul (a vampire)
 38192 | Snake:4  | Reached XP level 19. HP: 109/167 MP: 31/31
 38227 | Snake:4  | Received a gift from Yredelemnul (a ghoul)
 38655 | Snake:4  | Noticed Saint Roka
 39044 | Snake:4  | Received a gift from Yredelemnul (a vampire)
 39052 | Snake:4  | Killed Saint Roka
 39052 | Snake:4  | Enslaved Saint Roka
 39454 | Snake:4  | Received a gift from Yredelemnul (a skeletal warrior)
 39608 | Snake:4  | Got a serpentine rune of Zot
 40296 | D:8      | Killed hurston's ghost
 40476 | Vaults:1 | Entered Level 1 of the Vaults
 40915 | Vaults:1 | Received a gift from Yredelemnul (a flayed ghost)
 41017 | Vaults:1 | You fall into a shaft and drop 1 floor!
 41527 | Vaults:1 | Reached skill level 15 in Fighting
 41532 | Vaults:1 | Received a gift from Yredelemnul (a bone dragon)
 42248 | Vaults:2 | Reached XP level 20. HP: 153/178 MP: 33/33
 42334 | Vaults:2 | Found Telid's Jewellery Shoppe.
 42617 | Vaults:2 | Reached skill level 5 in Shields
 43281 | Vaults:3 | Received a gift from Yredelemnul (a vampire knight)
 43796 | Vaults:3 | Received a gift from Yredelemnul (a vampire knight)
 43816 | Vaults:3 | Reached skill level 10 in Shields
 44209 | Vaults:3 | Received a gift from Yredelemnul (a skeletal warrior)
 44219 | Vaults:3 | Identified the +0 plate armour of the Sun {Int+3 Slay-3}
 44371 | Vaults:3 | You fall into a shaft and drop 1 floor!
 44381 | Vaults:4 | Found a flickering gateway to a bazaar.
 44397 | Bazaar   | Entered a bazaar
 44397 | Bazaar   | Found Gaugis's Assorted Antiques.
 44397 | Bazaar   | Found Ydam's Book Emporium.
 44400 | Bazaar   | Found Esougaen's Antique Weapon Emporium.
 44415 | Bazaar   | Found Zaocsu's Distillery.
 44419 | Bazaar   | Bought a scratched gilded ring for 100 gold pieces
 44423 | Bazaar   | Bought a potion of heal wounds for 55 gold pieces
 44423 | Bazaar   | Bought a potion of haste for 110 gold pieces
 44423 | Bazaar   | Bought a potion of might for 44 gold pieces
 44427 | Bazaar   | Bought a potion of curing for 33 gold pieces
 44427 | Bazaar   | Bought a potion of curing for 33 gold pieces
 44437 | Bazaar   | Bought a manual of Fighting for 960 gold pieces
 45298 | Vaults:4 | Received a gift from Yredelemnul (a phantasmal warrior)
 45520 | Vaults:3 | Found a staircase to the Crypt.
 45783 | Vaults:4 | Reached XP level 21. HP: 175/184 MP: 34/34
 46340 | Vaults:4 | Identified the +6 broad axe "Gimic" {antimagic, Str+3}
 46629 | Elf:1    | Entered Level 1 of the Elven Halls
 46906 | Elf:1    | Found Nicetryff's Armour Boutique.
 47046 | Elf:1    | Received a gift from Yredelemnul (a vampire)
 47064 | Elf:1    | Reached skill level 15 in Shields
 47300 | Elf:1    | Received a gift from Yredelemnul (a vampire knight)
 47304 | Elf:1    | Learned a level 2 spell: Blink
 47566 | Elf:1    | Reached skill level 1 in Translocations
 47680 | Elf:1    | Reached skill level 1 in Spellcasting
 47898 | Elf:2    | Received a gift from Yredelemnul (a profane servitor)
 48155 | Elf:2    | Learned a level 2 spell: Passwall
 48234 | Elf:2    | Received a gift from Yredelemnul (a skeletal warrior)
 48323 | Elf:2    | Found a runed translucent gate.
 48323 | Elf:2    | Found a runed translucent gate.
 48323 | Elf:2    | Found a runed translucent gate.
 48639 | Elf:2    | Reached skill level 16 in Fighting
 48644 | Elf:2    | Received a gift from Yredelemnul (a skeletal warrior)
 48960 | Elf:2    | Received a gift from Yredelemnul (a skeletal warrior)
 49180 | Elf:3    | Entered Level 3 of the Elven Halls
 49204 | Elf:3    | Paralysed by an air elemental for 1 turns
 49236 | Elf:3    | Found Asistis's Assorted Antiques.
 49246 | Elf:3    | Bought a scroll of blinking for 217 gold pieces
 49246 | Elf:3    | Bought a scroll of blinking for 217 gold pieces
 49286 | Elf:3    | Found a magical portal.
 49299 | WizLab   | Entered Zonguldrok's Shrine
 49421 | WizLab   | Received a gift from Yredelemnul (a skeletal warrior)
 49761 | WizLab   | Learned a level 4 spell: Dispel Undead
 49934 | WizLab   | Noticed an antique lich
 49961 | WizLab   | Killed an antique lich
 49962 | WizLab   | Reached XP level 22. HP: 183/198 MP: 35/35
 49983 | WizLab   | Found the +9 sword of Zonguldrok {reap}
 50163 | Elf:3    | Found a runed translucent door.
 50163 | Elf:3    | Noticed 15bullets's ghost (veteran SpBr)
 50200 | Elf:3    | Killed 15bullets's ghost
 50249 | Elf:3    | Received a gift from Yredelemnul (a vampire knight)
 50601 | Elf:3    | Identified the +8 great sword of Galas {protect, +Rage rC+
                  | rN++ Int-3}
 50778 | Elf:3    | Received a gift from Yredelemnul (a vampire)
 50780 | Elf:3    | Reached skill level 17 in Fighting
 50783 | Elf:3    | Identified the +10 mace of Olao {flame, rN+}
 50800 | Elf:3    | Received a gift from Yredelemnul (a vampire knight)
 50801 | Elf:3    | Reached skill level 15 in Armour
 50975 | Elf:3    | Identified the ring "Emimma" {Fire +Blink rElec Str-5}
 51121 | Elf:3    | Found the +8 demon blade "Leech" {vamp, *Rage +Rage rN+}
 51144 | Elf:3    | Identified the +9 long sword of Bodily Humours {vorpal,
                  | SInv}
 51147 | Elf:3    | Identified the +0 chain mail of Giverraux {rN++ Str+4}
 51200 | Elf:3    | Identified the +7 hand axe of the Final Scars {antimagic,
                  | Fragile rF+ rCorr Str+4}
 51208 | Elf:3    | Acquired a +2 demon whip of flaming
 51209 | Elf:3    | Acquired the amulet of Modesty {Acrobat +Blink rN+ Int+5}
 51222 | Elf:3    | Identified the +6 scimitar of Equivalence {flame, rN+ MP+9
                  | Stlth-}
 51272 | Elf:3    | Identified the +7 arbalest "Canuth" {flame, *Slow Str+4}
 51372 | Elf:3    | Identified the +5 long sword of Generosity {freeze, rElec
                  | rF+ Will- Int+3}
 51451 | Elf:3    | Bought the +2 ratskin cloak {*Rats rPois rN+ Str-1 Int-1
                  | Dex+1} for 806 gold pieces
 51451 | Elf:3    | Found the +2 ratskin cloak {*Rats rPois rN+ Str-1 Int-1
                  | Dex+1}
 51451 | Elf:3    | Bought a scroll of teleportation for 87 gold pieces
 51451 | Elf:3    | Bought a scroll of teleportation for 87 gold pieces
 51733 | Depths:1 | Entered Level 1 of the Depths
 51760 | Depths:1 | Received a gift from Yredelemnul (a skeletal warrior)
 51822 | Depths:1 | Found a one-way gate to the infinite horrors of the Abyss.
 51865 | Depths:1 | Found Qafa's Assorted Antiques.
 51871 | Depths:1 | Found Wuuk's Assorted Antiques.
 51871 | Depths:1 | Found Heurim's Book Emporium.
 51876 | Depths:1 | Found Nif Qot's Distillery.
 51879 | Depths:1 | Bought a glittering granite ring for 120 gold pieces
 51879 | Depths:1 | Identified the ring "Ynais" {rPois AC+4 Str+4 Dex+4} (You
                  | bought it in a shop on level 1 of the Depths)
 51899 | Depths:1 | Bought a potion of might for 48 gold pieces
 52164 | Depths:1 | Found an ancient bone altar of Kikubaaqudgha.
 52277 | Depths:1 | Received a gift from Yredelemnul (a vampire knight)
 52311 | Depths:1 | Reached skill level 18 in Fighting
 53236 | Depths:1 | Found a gateway to Hell.
 53420 | Depths:2 | Found an iron altar of Okawaru.
 53420 | Depths:2 | Noticed a juggernaut
 53421 | Depths:2 | Paralysed by a vampire knight for 5 turns
 53451 | Depths:1 | Killed a juggernaut
 53625 | Depths:2 | Received a gift from Yredelemnul (a vampire knight)
 54683 | Depths:3 | Received a gift from Yredelemnul (a skeletal warrior)
 54747 | Depths:3 | Received a gift from Yredelemnul (a profane servitor)
 54748 | Depths:3 | Reached XP level 23. HP: 199/211 MP: 36/36
 54794 | Depths:3 | Found a gateway to a ziggurat.
 54799 | Depths:3 | Found a one-way gate leading to the halls of Pandemonium.
 54966 | Depths:3 | Received a gift from Yredelemnul (a ghoul)
 55195 | Depths:3 | Reached skill level 19 in Fighting
 55401 | Depths:3 | Identified the +4 pair of gloves of the Wilderness {rPois
                  | Dex+6 Stlth-}
 55440 | Depths:3 | Received a gift from Yredelemnul (a vampire)
 55552 | Depths:3 | Received a gift from Yredelemnul (a phantasmal warrior)
 55740 | Depths:3 | Received a gift from Yredelemnul (a ghoul)
 56500 | Depths:3 | Found an iron altar of Okawaru.
 56918 | Depths:4 | Received a gift from Yredelemnul (a skeletal warrior)
 56946 | Depths:4 | Received a gift from Yredelemnul (a profane servitor)
 57301 | Depths:4 | Received a gift from Yredelemnul (a flayed ghost)
 57422 | Depths:4 | Reached skill level 20 in Fighting
 57566 | Depths:4 | Received a gift from Yredelemnul (a skeletal warrior)
 57933 | Depths:4 | Noticed a caustic shrike
 57937 | Depths:4 | Killed a caustic shrike
 58200 | Depths:4 | Received a gift from Yredelemnul (a flayed ghost)
 58328 | Depths:4 | Noticed a juggernaut
 58333 | Depths:4 | Killed a juggernaut
 58362 | Depths:4 | Identified the amulet "Gutsonn" {RegenMP Harm rN+}
 58413 | Depths:4 | Reached XP level 24. HP: 225/225 MP: 36/36
 58415 | Depths:4 | Received a gift from Yredelemnul (a skeletal warrior)
 58568 | Depths:4 | Noticed a juggernaut
 58573 | Depths:4 | Killed a juggernaut
 58616 | Depths:4 | Identified the +9 ring mail "Gut Feeq" {*Corrode Fly Dex+4}
 58975 | Depths:5 | Entered Level 5 of the Depths
 59347 | Depths:5 | Received a gift from Yredelemnul (a ghoul)
 59514 | Depths:5 | Reached skill level 15 in Necromancy
 59519 | Depths:5 | Found a gate to the Realm of Zot.
 59808 | Depths:5 | Reached skill level 21 in Fighting
 59923 | Depths:5 | Noticed a caustic shrike
 59925 | Depths:5 | Noticed a caustic shrike
 59927 | Depths:5 | Noticed a caustic shrike
 59931 | Depths:5 | Killed a caustic shrike
 59933 | Depths:5 | Killed a caustic shrike
 59934 | Depths:5 | Received a gift from Yredelemnul (a phantasmal warrior)
 59934 | Depths:5 | Killed a caustic shrike
 59937 | Depths:5 | Noticed a caustic shrike
 59943 | Depths:5 | Killed a caustic shrike
 60025 | Depths:5 | Got the Grimoire of Conjuration and the Rocks
 61739 | Vaults:5 | Entered Level 5 of the Vaults
 61748 | Vaults:5 | Received a gift from Yredelemnul (a vampire knight)
 61757 | Vaults:5 | Received a gift from Yredelemnul (a vampire)
 61954 | Vaults:5 | Reached XP level 25. HP: 227/235 MP: 36/36
 61955 | Vaults:5 | Identified the ring "Tetuibro" {rElec rPois rF+ Int+3
                  | Dex-3}
 61996 | Vaults:5 | Received a gift from Yredelemnul (a bone dragon)
 62266 | Vaults:5 | Paralysed by a sphinx for 2 turns
 62275 | Vaults:5 | Received a gift from Yredelemnul (a bone dragon)
 62282 | Vaults:5 | Your ally Saint Roka died
 62665 | Vaults:5 | Received a gift from Yredelemnul (a skeletal warrior)
 62753 | Vaults:5 | Identified the +9 mace "Papt" {vorpal, rCorr Dex+2} (You
                  | took it off a vault sentinel on level 5 of the Vaults)
 62929 | Vaults:5 | Identified the +8 glaive of the Other Side {vorpal, rF+ rC+
                  | Int+2}
 63020 | Vaults:5 | Identified the +10 chain mail of Dithmenos's Reproof {Harm
                  | Dex+5}
 63043 | Vaults:5 | Got a silver rune of Zot
 63044 | Vaults:5 | Identified the +6 trident of Karma {freeze, Str+4}
 63127 | Vaults:5 | Received a gift from Yredelemnul (a skeletal warrior)
 63290 | Vaults:5 | Found Mufaopa's Armour Shop.
 63725 | Vaults:5 | Found Hesyqudo's Antique Armour Shoppe.
 64158 | Zot:1    | Entered Level 1 of the Realm of Zot
 64183 | Zot:1    | Reached skill level 22 in Fighting
 64609 | Zot:1    | Identified the +2 buckler of Dogmatism {rPois Str+6 Dex-5}
 65150 | Zot:1    | Reached skill level 15 in Dodging
 65380 | Zot:1    | Acquired a manual of Necromancy
 65806 | Zot:1    | Found a runed translucent gate.
 65806 | Zot:1    | Found a runed translucent gate.
 65808 | Zot:1    | Found a runed translucent gate.
 65810 | Zot:1    | Noticed PanSaczeczos's ghost (legendary VSBr)
 65810 | Zot:1    | Noticed PeterMcNeter's ghost (veteran DsFi)
 65831 | Zot:1    | Killed PanSaczeczos's ghost
 65859 | Zot:1    | Killed PeterMcNeter's ghost
 66382 | Zot:2    | Reached XP level 26. HP: 247/247 MP: 36/36
 67007 | Zot:2    | Received a gift from Yredelemnul (a vampire)
 68390 | Zot:4    | Received a gift from Yredelemnul (a bone dragon)
 68648 | Depths:1 | Bought a runed cloak for 345 gold pieces
 68648 | Depths:1 | Bought a scroll of enchant weapon for 345 gold pieces
 68731 | Depths:1 | Bought a potion of curing for 72 gold pieces
 68731 | Depths:1 | Bought 2 scrolls of enchant armour for 360 gold pieces
 68731 | Depths:1 | Bought a scroll of summoning for 228 gold pieces
 68985 | Zot:4    | Identified the +0 leather armour of Gipleicoc {-Tele Int+10
                  | Dex+4}
 68996 | Zot:4    | Identified the +6 leather armour of Pinoroz {+Inv Str+4
                  | Dex-5}
 69010 | Zot:4    | Learned a level 1 spell: Apportation
 69249 | Zot:4    | Received a gift from Yredelemnul (a skeletal warrior)
 69316 | Zot:4    | Reached skill level 23 in Fighting
 69486 | Zot:4    | Reached skill level 1 in Earth Magic
 69553 | Zot:4    | Learned a level 3 spell: Vampiric Draining
 69632 | Zot:4    | Received a gift from Yredelemnul (a vampire)
 70011 | Depths:1 | Bought a potion of haste for 120 gold pieces
 70011 | Depths:1 | Bought a potion of might for 48 gold pieces
 70211 | D:10     | Bought a potion of haste for 130 gold pieces
 70211 | D:10     | Bought a potion of berserk rage for 65 gold pieces
 70211 | D:10     | Bought a potion of berserk rage for 65 gold pieces
 70655 | Zot:5    | Entered Level 5 of the Realm of Zot
 71186 | Zot:5    | Noticed an orb of fire
 71188 | Zot:5    | Gained mutation: You sometimes lose the ability to read
                  | scrolls when taking damage. [an orb of fire]
 71189 | Zot:5    | Gained mutation: You are weak. (Str -2) [an orb of fire]
 71210 | Zot:5    | Gained mutation: You occasionally shout uncontrollably at
                  | your foes. [an orb of fire]
 71215 | Zot:5    | Killed an orb of fire
 71224 | Zot:5    | Received a gift from Yredelemnul (a vampire knight)
 71231 | Zot:5    | Reached XP level 27. HP: 229/258 MP: 36/36
 71278 | Zot:5    | Reached skill level 5 in Spellcasting
 71613 | Zot:5    | Received a gift from Yredelemnul (a skeletal warrior)
 71618 | Zot:5    | Noticed an orb of fire
 71618 | Zot:5    | Noticed an orb of fire
 71622 | Zot:5    | Noticed an orb of fire
 71634 | Zot:5    | Noticed an orb of fire
 71634 | Zot:5    | Noticed an orb of fire
 71636 | Zot:5    | Killed an orb of fire
 71645 | Zot:5    | Killed an orb of fire
 71647 | Zot:5    | Gained mutation: You have a pair of small horns on your
                  | head. [an orb of fire]
 71663 | Zot:5    | Killed an orb of fire
 71665 | Zot:5    | Gained mutation: Your magical capacity is low. (-10% MP)
                  | [an orb of fire]
 71672 | Zot:5    | Killed an orb of fire
 71680 | Zot:5    | Gained mutation: Potions are less effective at restoring
                  | your health. [an orb of fire]
 71686 | Zot:5    | Gained mutation: You are frail. (-10% HP) [an orb of fire]
 71687 | Zot:5    | Killed an orb of fire
 71688 | Zot:5    | Reached skill level 5 in Earth Magic
 71698 | Zot:5    | Noticed an ancient lich
 71706 | Zot:5    | Noticed a dread lich
 71718 | Zot:5    | Killed an ancient lich
 71735 | Zot:5    | Killed a dread lich
 71887 | Zot:5    | Lost mutation: You are weak. (Str -2) [potion of mutation]
 71887 | Zot:5    | Lost mutation: You occasionally shout uncontrollably at
                  | your foes. [potion of mutation]
 71887 | Zot:5    | Gained mutation: Armour fits poorly on your strangely
                  | shaped body. [potion of mutation]
 71887 | Zot:5    | Lost mutation: Potions are less effective at restoring your
                  | health. [potion of mutation]
 71887 | Zot:5    | Gained mutation: You are strong-willed. (Will+) [potion of
                  | mutation]
 71887 | Zot:5    | Gained mutation: You possess an exceptional clarity of
                  | mind. [potion of mutation]
 71888 | Zot:5    | Lost mutation: You have a pair of small horns on your head.
                  | [potion of mutation]
 71888 | Zot:5    | Lost mutation: Armour fits poorly on your strangely shaped
                  | body. [potion of mutation]
 71888 | Zot:5    | Gained mutation: You have sharp fingernails. [potion of
                  | mutation]
 71889 | Zot:5    | Lost mutation: You are strong-willed. (Will+) [potion of
                  | mutation]
 71889 | Zot:5    | Lost mutation: Your magical capacity is low. (-10% MP)
                  | [potion of mutation]
 71889 | Zot:5    | Lost mutation: You possess an exceptional clarity of mind.
                  | [potion of mutation]
 71889 | Zot:5    | Gained mutation: You are somewhat resistant to further
                  | mutation. [potion of mutation]
 71987 | Zot:5    | Received a gift from Yredelemnul (a profane servitor)
 71996 | Zot:5    | Got the Orb of Zot
 72127 | Zot:2    | Noticed Vavoukk the pandemonium lord
 72140 | Zot:2    | Banished Vavoukk the pandemonium lord
 72510 | D:15     | Noticed Hitus the pandemonium lord
 72840 | D:$      | Escaped with the Orb!

Illustrated notes

Levels and vault maps discovered:
D:1:      minmay_arrival_up_and_down, layout_rooms, serial_shops,
          nicolae_shop_statue_plus, nicolae_shop_waterfront
D:2:      layout_loops_corners, shapermc_ecumenical_altar_mp_vishouse
D:3:      layout_basic, minmay_lizard_king, uniq_sigmund, uniq_natasha,
          uniq_ijyb
D:4:      layout_gridville, minmay_door_square, minmay_ruptured
D:5:      layout_basic, corexii_checkpoint_b, hangedman_decor_growths
D:6:      layout_cave_pools, kennysheep_slug_shrine,
          minmay_temple_entry_poolview, serial_gnoll_camp, gnoll_camp_mini_hut,
          gnoll_camp_mini_house, gnoll_camp_mini_hut, gnoll_camp_mini_doghouse
D:7:      layout_basic, mainiacjoe_overflow_small_starburst
D:8:      layout_basic, minitemple, david_lair_generic, ebering_ghost_gozag,
          uniq_maggie
D:9:      layout_basic, zombieorc2_lemuel, serial_shops, shop
D:10:     layout_stronghold, mainiacjoe_overflow_surrounded_room,
          lemuel_crystal_altar, nicolae_ru_great_annihilating_truth,
          nicolae_uskayaw_en_pointe, lemuel_doored_altar, serial_shops,
          nicolae_square_shop, nicolae_shop_temple_entry_statues_fountains,
          nicolae_diamond_shop, nicolae_stop_n_shop_2, uniq_erica, uniq_grum
D:11:     layout_basic, portal_ice_cave_entry_pillars_1,
          minmay_fractal_squares_gapless_7
D:12:     layout_loops_corners, nzn_ghost_randoct,
          minmay_the_grid_square_5x5_3x3_mashed
          [minmay_the_grid_square_5x5_seven,
          minmay_the_grid_square_5x5_broken_cross,
          minmay_the_grid_square_5x5_six_small,
          minmay_the_grid_square_5x5_detours,
          minmay_the_grid_square_5x5_megaprize_crossed,
          minmay_the_grid_square_5x5_one_wall, minmay_the_grid_square_5x5_three,
          minmay_the_grid_square_5x5_shrine1, minmay_the_grid_square_5x5_tie]
D:13:     layout_basic, enter_trove_5, guppyfry_shop_blood, uniq_rupert
D:14:     layout_grid_maze, hangedman_vaults_entry_quadrant_bands,
          nicolae_vehumet_altar_sigil
D:15:     gammafunk_enter_depths_forms, layout_cave_pools,
          lemuel_coloured_pillars_altar, ebering_ghost_reflecting_pool,
          grunt_decor_one_mirror
Temple:   nicolae_temple_x_marks_the_god
Lair:1:   layout_regular_city, st_stairs_9, grunt_forest_large_clearings,
          grunt_megastairs_4, serial_bayou_shore_b, lemuel_fruit_tree
Lair:2:   layout_concentric_octagons
Lair:3:   layout_misc_corridors, swamp_mist, guppyfry_snake_entry_island,
          kennysheep_catoblepas_arena, minmay_lair_oklob_chamber,
          lemuel_fruit_fields
Lair:4:   layout_loops_ring, minivault_11, beast_lair_carwin_7,
          grunt_megastairs_2, serial_bayou_shore_b, uniq_nergalle,
          uniq_josephine
Lair:5:   layout_cave_pods, st_stairs_3, minivault_26,
          nicolae_quartered_pool_super, lemuel_fruit_fields, uniq_nessos
Lair:6:   evilmike_catoblepas_cave, layout_regular_city, slime_altar_1,
          columned_hall_lemuel
Swamp:1:  layout_basic_swamp, evilmike_swamp_ruin_house_4
Swamp:2:  nicolae_swamp_tree_isthmus, layout_basic_swamp,
          infiniplex_staircase_pool_2, uniq_kirke
Swamp:3:  nzn_winding_woodlands_medium [nzn_winding_woodlands_5x5_checkerboard,
          nzn_winding_woodlands_5x15_crooked,
          nzn_winding_woodlands_5x5_open_star,
          nzn_winding_woodlands_5x5_default, nzn_winding_woodlands_center_lodge,
          nzn_winding_woodlands_5x5_default, nzn_winding_woodlands_5x5_three,
          nzn_winding_woodlands_5x15_garden,
          nzn_winding_woodlands_5x5_closed_star], layout_basic_swamp,
          lemuel_altar_in_water
Swamp:4:  swamp_old_school, layout_basic_swamp, gammafunk_ghost_hydra_chop,
          swamp_pool2, uniq_donald
Snake:1:  layout_rooms, serial_shops, nicolae_take_the_stairs, uniq_jorgrun
Snake:2:  layout_rooms, nicolae_wooded_promenade, serial_bayou_shore_b,
          serial_bayou_shore_a
Snake:3:  layout_basic, drop_trap
Snake:4:  johnstein_snake_rune_scales, layout_rooms, uniq_saint_roka
Orc:1:    layout_caves, minmay_shop_mass, bh_open_orc_temple
Orc:2:    st_orc_elflike, layout_caves, hangedman_minor_magic, uniq_erolcha
Elf:1:    elf_arrival_002, layout_loops_cross, serial_shops, shop,
          hangedman_elf_disciples
Elf:2:    nicolae_elf_blades_splatter_lattice [mumra_blade_entry_dagger],
          layout_geoelf_octagon, nrook_loot_triangle,
          chequers_hall_statues_wall_a, statue_in_the_mist_lemuel
Elf:3:    grunt_elf_hall_asides, layout_onion_city,
          ebering_ghost_reflecting_pool, mu_enter_wizlab_6, serial_shops,
          shop_statue
Vaults:1: nicolae_vaults_fighting_squares, nicolae_vaults_circle_grid_a,
          hangedman_vaults_corner, grunt_vaults_twisty, serial_ice_g,
          nicolae_vaults_theta, nicolae_vaults_three_branches,
          vaults_room_door_ring, nicolae_vaults_specimen_jars,
          vaults_dpeg_hooks, layout_vaults_big_room
Vaults:2: v_misc_16, hangedman_vaults_variations, hangedman_vaults_cutoff,
          vaults_standard_mumra_lines, ontoclasm_vaults_shuriken,
          v_alt_pattern_6, nicolae_vaults_rhombus_7, hangedman_vaults_maws,
          v_misc_19, vaults_room_stairs_pillars, layout_vaults_omnicross,
          serial_shops, shop
Vaults:3: vaults_dpeg_cross, nicolae_vaults_shelves_hall,
          hangedman_vaults_stream, v_misc_19, v_misc_19,
          ontoclasm_vaults_decontamination, ontoclasm_vaults_hangar,
          grunt_vaults_funnel, hangedman_vaults_corner_blocks,
          ontoclasm_vaults_chip, nicolae_vaults_angled_halls,
          vaults_room_door_hall, minmay_crypt_entry_simple_plaza,
          ontoclasm_vaults_hangar, vaults_room_grunt_arrival_ludios,
          ontoclasm_vaults_ring_square, layout_vaults_omnibox
Vaults:4: ontoclasm_vaults_pinch, nicolae_vaults_shelves_hall,
          grunt_vaults_hallway_long, ontoclasm_vaults_tryst,
          vaults_room_stairs_pillars, layout_vaults_quadrants, serial_shops,
          bzr_entry_dummy
Vaults:5
Depths:1: layout_cave_pools, pf_hell_entry_great_geh, solitary_fountain,
          hangedman_abyss_entry_splay, dk_noncrumbling_4,
          kiku_gazebo_garden_becter, minmay_shoptagon
Depths:2: evilmike_halls_of_destruction, layout_cave_shapes,
          abyss_entry_glasseish, hell_entry, lemuel_crystal_altar
Depths:3: minmay_skeleton_keep, layout_cave_pools, enter_ziggurat_f,
          lightli_too_deep, serial_co_window_serial, co_window_paths_a,
          co_window_of_opportunity_a, co_window_paths_a, co_window_paths_a,
          co_window_paths_a, co_window_corner_a, co_window_of_opportunity_a,
          co_window_corner_b, co_window_corner_b, co_window_2corner,
          co_window_of_opportunity_c, co_window_corner_b, co_window_4corner_b,
          co_window_paths_d, glass_columns_a, glass_columns_a, glass_columns_a,
          glass_columns_a, pan_entry, okawaru_altar_gauntlet_db
Depths:4: lemuel_castle_with_subvaults [lemuel_castle_interior_carwin_3],
          layout_gridlike, hellmouth_3, chequers_decorated_corner, abyss_entry,
          pan_entry, minmay_staircase_statues
Depths:5: grunt_runaround [grunt_runaround_doors_1, grunt_runaround_doors_2,
          grunt_runaround_doors_3, grunt_runaround_doors_4,
          grunt_runaround_zot], hell_entry
Zot:1:    layout_onion_interference, gammafunk_ghost_cemetery
Zot:2:    layout_misc_corridors, hangedman_spider_trapstep
Zot:3:    layout_misc_corridors, grunt_ministairs_14
Zot:4:    kennysheep_room_grid, layout_misc_corridors, amethyst_zot_foddershock
Zot:5:    layout_basic, hangedman_zot_decor_scrapings

Skill      XL: |  1  2  3  4  5  6  7  8  9 10 11 12 13 14 15 16 17 18 19 20 21 22 23 24 25 26 27 |
---------------+----------------------------------------------------------------------------------+-----
Axes           | 3 4 5 7 8 9 11 12 | 12.6
Maces & Flails | 5 9 11 14 | 14.8
Invocations    | 4 9 11 12 13 14 15 16 17 18 | 18.4
Shields        | 4 13 15 | 15.0
Fighting       | 5 8 9 11 12 13 14 15 16 18 20 21 22 23 | 23.9
Evocations     | 3 5 7 8 9 10 11 12 | 12.5
Dodging        | 2 4 6 7 8 9 10 11 12 13 14 15 16 | 16.6
Armour         | 5 7 8 10 11 12 13 14 15 17 18 19 20 | 20.8
Necromancy     | 3 5 7 8 9 10 11 12 13 14 15 16 18 20 | 20.1
Translocations | 3 4 |  4.7
Spellcasting   | 3 4 6 |  6.9
Earth Magic    | 2 7 |  7.1

Action                   |  1- 3 |  4- 6 |  7- 9 | 10-12 | 13-15 | 16-18 | 19-21 | 22-24 | 25-27 || total
-------------------------+-------+-------+-------+-------+-------+-------+-------+-------+-------++-------
Melee: War axe           |   104 |    35 |       |       |       |       |       |       |       ||   139
       Battleaxe         |       |    13 |    68 |       |       |       |       |       |       ||    81
       Eveningstar       |       |       |   140 |   519 |   852 |   812 |  1020 |   702 |   601 ||  4646
       Demon whip        |       |       |       |       |       |       |       |   261 |   167 ||   428
       Headbutt          |       |       |       |       |       |       |       |       |    37 ||    37
Throw: Javelin           |       |     5 |    21 |    11 |    37 |     1 |     1 |       |       ||    76
       Dart              |       |       |     3 |    10 |       |       |       |       |       ||    13
       Throwing net      |       |       |       |       |     1 |       |       |       |       ||     1
 Cast: Apportation       |       |       |       |       |       |       |       |       |     3 ||     3
       Passwall          |       |       |       |       |       |       |       |       |     1 ||     1
Invok: Animate Remains   |       |       |     2 |     3 |       |       |       |       |       ||     5
       Animate Dead      |       |       |       |    31 |    71 |    86 |    72 |    62 |    46 ||   368
       Drain Life        |       |       |       |     1 |    12 |    17 |    19 |    13 |    12 ||    74
       Recall Undead Sla |       |       |       |       |     1 |     1 |     1 |     2 |    15 ||    20
       Enslave Soul      |       |       |       |       |       |       |     2 |       |       ||     2
       Stop Recall       |       |       |       |       |       |       |       |       |     1 ||     1
       Injury Mirror     |       |       |       |       |       |       |       |       |     1 ||     1
Evoke: Wand              |       |       |       |     4 |     4 |       |     2 |       |     7 ||    17
       Condenser vane    |       |       |       |       |       |       |       |     2 |       ||     2
  Use: Scroll            |     7 |     3 |     6 |    14 |     7 |     6 |     5 |    13 |    11 ||    72
       Potion            |     1 |       |       |     5 |     2 |     2 |     3 |     3 |    18 ||    34
 Stab: Paralysed         |       |       |       |     1 |       |     1 |       |     2 |     1 ||     5
       Distracted        |       |       |       |     3 |     4 |     7 |    14 |    27 |    27 ||    82
       Confused          |       |       |       |       |       |     1 |       |       |       ||     1
Armor: Scale mail        |    29 |       |       |       |       |       |       |       |       ||    29
       Chain mail        |    41 |    26 |   111 |    59 |       |   163 |       |       |       ||   400
       Plate armour      |       |       |       |   206 |   403 |   161 |       |       |       ||   770
       Gold dragon scale |       |       |       |       |       |   146 |   536 |   324 |   328 ||  1334
Dodge: Dodged            |    51 |    22 |    91 |   135 |   245 |   300 |   353 |   351 |   419 ||  1967
Block: Buckler           |       |       |       |    81 |   131 |    87 |       |       |       ||   299
       Kite shield       |       |       |       |       |       |   208 |   650 |   622 |   527 ||  2007
       Reflection        |       |       |       |       |       |    21 |    77 |    14 |    10 ||   122
